 Dungeon Crawl Stone Soup version 0.30-a0-457-g4b7bca3bfa (webtiles) character file.

Game seed: 4215597534325359960

225 kae the Changer (level 5, -4/48 HPs)
             Began as a Draconian Transmuter on Dec 13, 2022.
             Slain by Edmund
             ... wielding a +3 dire flail of protection
              (14 damage)
             ... on level 4 of the Dungeon.
             The game lasted 00:02:37 (3688 turns).

kae the Changer (Draconian Transmuter)              Turns: 3688, Time: 00:02:37

Health: -4/48      AC: 14    Str: 12    XL:     5   Next: 68%
Magic:  5/10       EV: 10    Int: 15    God:
Gold:   183        SH:  0    Dex: 12    Spells: 1/11 levels left

rFire   x . .      SeeInvis .      - Unarmed
rCold   + + +      Faith    .    (shield currently unavailable)
rNeg    . . .      Spirit   .    (body armour unavailable)
rPois   +          Reflect  .    (helmet currently unavailable)
rElec   .          Harm     .    (cloak currently unavailable)
rCorr   .          Rampage  .    (gloves currently unavailable)
Will    .....                    (boots currently unavailable)
Stlth   +.........               (no amulet)
HPRegen 0.28/turn                o - +4 ring of protection
MPRegen 0.12/turn                O - +4 ring of protection

@: ice-form
A: freezing attack, amphibious, boosted hp, AC +5, large, unfitting armour,
(cold-blooded)
a: End Transformation


You were on level 4 of the Dungeon.
You were a creature of crystalline ice.
You visited 1 branch of the dungeon, and saw 4 of its levels.

You collected 183 gold pieces.


Innate Abilities, Weirdness & Mutations

You are a creature of crystalline ice.
You have a powerful freezing melee attack.
You are amphibious.
Your maximum health is increased.
Your armour is entirely melded.
You are incapable of wielding weapons or throwing items.
((Your plain brown scales are hard. (AC +5)))
You cannot fit into any form of body armour.
((You are cold-blooded and may be slowed by cold attacks.))


   Skills:
 - Level 1.1 Fighting
 - Level 1.7 Dodging
 - Level 3.0 Unarmed Combat
 + Level 3.7 Spellcasting
 + Level 3.9 Transmutations
 * Level 1.2 Ice Magic
 - Level 2.1 Poison Magic


You had one spell level left.
You knew the following spells:

 Your Spells              Type           Power      Damage    Failure   Level
a - Beastly Appendage     Tmut           28%        N/A       3%          1
b - Wereblood             Tmut           14%        N/A       5%          2
c - Spider Form           Tmut/Pois      11%        N/A       16%         3
d - Ice Form              Ice/Tmut       10%        N/A       54%         4

Your spell library contained the following spells:

 Spells                   Type           Power      Damage    Failure   Level
 Gell's Gravitas          Tloc           2%         N/A       50%         3
 Lesser Beckoning         Tloc           4%         N/A       50%         3
 Teleport Other           Tloc           2%         N/A       50%         3

Inventory:

Missiles
 c - 30 stones
 e - 10 boomerangs
 h - 8 poisoned darts
Jewellery
 o - a +4 ring of protection (left front paw)
   (You found it on level 1 of the Dungeon)
 O - a +4 ring of protection (right front paw)
   (You found it on level 1 of the Dungeon)
Scrolls
 i - a scroll of teleportation {@r4}
 k - a scroll of poison {unknown}
 m - a scroll of magic mapping {!r}
 n - a scroll of enchant weapon
Potions
 a - 3 potions of lignification {!q}
 b - a potion of brilliance {unknown}
 d - a potion of attraction {unknown}
 f - 3 potions of curing {@q1}
 g - 2 potions of heal wounds {unknown}
 j - a potion of mutation {unknown}

Dungeon Overview and Level Annotations

Branches:
Dungeon (4/15) Zot: 20253
 Temple: D:4-7

Altars:
Okawaru

Annotations:
D:4 Edmund

#.~~~~. .# #.~.~~$##.
.~~~~~.#.# #########
..~.~~~#.###.......#
.~≈~≈~@.#..........#
..~≈~≈.............##
..~~≈~.#............#
..~~~~.#............#
.~≈.~.~##......@Y...#
..~~.≈. #.........<.#
.~~.~.# #####.......#
.~≈≈≈. ##....###
#..### ##.##########
#...........#
#########...# #...#


You could see Edmund.


Message History

The endoplasm hits you but does no damage.
You hit the endoplasm but do no damage.
The endoplasm hits you but does no damage.
An endoplasm is nearby!
You completely miss the endoplasm.
You claw the endoplasm, but do no damage.
The endoplasm hits you but does no damage.
You hit the endoplasm.
You kill the endoplasm! 😎 MP[+1]
Your mp is fully restored (10).
Your transformation is almost over.
Your horns disappear.
Your talons disappear.
Key pressed, stopping explore.
You see here a +0 short sword.
You see here a +0 short sword.
You now have 183 gold pieces (gained 10).
There is a stone staircase leading down here.
Key pressed, stopping explore.
There is a stone staircase leading down here.
There is a stone staircase leading down here.
You enter the shallow water.
Moving in this stuff is going to be slow.
Edmund the Younger comes into view.
He is wielding a +3 dire flail of protection and wearing a +3 scale mail of cold resistance.
Unknown command.
Unknown command.
Casting: Beastly Appendage (safe; 3% risk of failure)
Confirm with . or Enter, or press ? or * to list all spells.
The spell is extremely dangerous to miscast (54% risk of failure)!
Continue anyway? [Y]es or [N]o only, please.
The spell is extremely dangerous to miscast (54% risk of failure)!
Continue anyway?
You miscast Ice Form.
You are very lightly contaminated with residual magic.
You shiver with cold! 😮 HP[-15] MP[-4]
You take 15 damage, and now have 25/40 hp.
MASSIVE DAMAGE!! (PAUSE)
You lost 4 mp, and now have 6/10 mp.
Unknown command. 😮 HP[+1] 😮 HP[+1] 😮 MP[+1]
Your magical contamination has completely faded away.
There is a stone staircase leading up here. 😮 HP[+1]
You start resting.
Edmund is nearby!
Unknown command.
Casting: Ice Form (extremely dangerous; 54% risk of failure)
Confirm with . or Enter, or press ? or * to list all spells.
The spell is extremely dangerous to miscast (54% risk of failure)!
Continue anyway? [Y]es or [N]o only, please.
The spell is extremely dangerous to miscast (54% risk of failure)!
Continue anyway?
You turn into a creature of crystalline ice. 😮 HP[+6] MP[-4]
You now have 48 max hp (+8).
You regained 6 hp, and now have 34/48 hp.
You lost 4 mp, and now have 3/10 mp.
Unknown command.
Edmund asks, "Have you met my wondrous brother?" 😮 HP[+1]
You hit Edmund but do no damage. Edmund closely misses you. 😮 MP[+1]
You hit Edmund. Edmund closely misses you.
You hit Edmund. Edmund barely misses you. 😮 HP[+1]
You hit Edmund. You freeze Edmund.
Edmund hits you with a +3 dire flail of protection!
Unknown command. 😮 HP[-10]
You take 10 damage, and now have 26/48 hp.
MASSIVE DAMAGE!! (PAUSE)
You punch Edmund! You freeze Edmund. Edmund barely misses you.
You hit Edmund.
Edmund drinks a potion.
Edmund is healed!
You hit Edmund. Edmund barely misses you. 😮 HP[+1]
You hit Edmund but do no damage.
Edmund hits you with a +3 dire flail of protection!
* * * LOW HITPOINT WARNING * * *
😨 HP[-10]
You take 10 damage, and now have 17/48 hp.
MASSIVE DAMAGE!! (PAUSE)
You barely miss Edmund. You hit Edmund but do no damage.
Edmund hits you with a +3 dire flail of protection.
* * * LOW HITPOINT WARNING * * *
😱 HP[-6] MP[+1]
You take 6 damage, and now have 11/48 hp.
You punch Edmund! You freeze Edmund.
Edmund hits you with a +3 dire flail of protection!
* * * LOW HITPOINT WARNING * * *
😱 HP[-8]
You take 8 damage, and now have 3/48 hp.
Unknown command.
You hit Edmund but do no damage. Edmund closely misses you.
You feel better.
Edmund hits you with a +3 dire flail of protection!
You die...

Skill      XL: |  1  2  3  4  5 |
---------------+----------------+-----
Transmutations | 3 |  3.9
Spellcasting   | 3 |  3.7
Poison Magic   | 1 2 |  2.1
Ice Magic      | 1 |  1.2
Fighting       | |  1.1
Dodging        | |  1.7
Unarmed Combat | |  3.0

Action                   |  1- 3 |  4- 6 || total
-------------------------+-------+-------++-------
Melee: Unarmed           |   136 |   113 ||   249
       Headbutt          |     7 |    10 ||    17
       Kick              |    22 |    17 ||    39
       Tailslap          |    13 |    11 ||    24
       Punch             |     1 |     2 ||     3
 Cast: Beastly Appendage |    31 |    15 ||    46
       Spider Form       |       |     1 ||     1
       Ice Form          |       |     1 ||     1
  Use: Scroll            |     2 |     3 ||     5
       Potion            |       |     1 ||     1
 Stab: Sleeping          |     1 |     1 ||     2
Armor: Skin              |    53 |    37 ||    90
Dodge: Dodged            |    89 |    59 ||   148

Levels and vault maps discovered:
D:1:      spicycebolla_arrival_ecumenical, layout_loops_ring
D:2:      layout_basic, minmay_puff
D:3:      layout_loops_ring, okawaru_gym_becter, cheibrodos_sewer_entry_bend,
          minmay_misc_feat_nine_boxes
D:4:      layout_cave_pods, serial_rivers, chequers_serial_rivers_large_b,
          chequers_serial_rivers_large_a, chequers_serial_rivers_room_b,
          chequers_serial_rivers_room_a, chequers_serial_rivers_micro_a,
          chequers_serial_rivers_micro_b, uniq_edmund

Notes
Turn   | Place    | Note
-------+----------+-------------------------------------------
     0 | D:1      | kae the Draconian Transmuter began the quest for the Orb.
     0 | D:1      | Reached XP level 1. HP: 16/16 MP: 3/3
     0 | D:1      | magus.rc [v1.11.3]
   102 | D:1      | Reached XP level 2. HP: 18/23 MP: 5/5
  1050 | D:2      | Reached XP level 3. HP: 28/28 MP: 5/7
  1053 | D:2      | Learned a level 2 spell: Wereblood
  1057 | D:2      | Learned a level 3 spell: Spider Form
  1246 | D:2      | You fall into a shaft and drop 1 floor!
  1250 | D:3      | You pick up a book of Displacement and begin reading...
  1250 | D:3      | You add the spells Lesser Beckoning, Gell's Gravitas and
                  | Teleport Other to your library.
  2008 | D:3      | Found an iron altar of Okawaru.
  2016 | D:3      | Reached skill level 3 in Transmutations
  2151 | D:3      | Reached skill level 3 in Spellcasting
  2265 | D:3      | Reached skill level 1 in Poison Magic
  2265 | D:3      | Reached XP level 4. HP: 34/35 MP: 8/8
  2847 | D:4      | Noticed a phantom
  2861 | D:4      | Killed a phantom
  2862 | D:4      | Reached skill level 2 in Poison Magic
  2862 | D:4      | Reached XP level 5. HP: 40/40 MP: 6/10
  2920 | D:4      | Learned a level 4 spell: Ice Form
  3157 | D:4      | Reached skill level 1 in Ice Magic
  3658 | D:4      | Noticed Edmund
  3685 | D:4      | HP: 11/48 [Edmund/+3 dire flail of protection (6)]
  3686 | D:4      | HP: 3/48 [Edmund/+3 dire flail of protection (9)]
  3688 | D:4      | Slain by Edmund

Vanquished Creatures
  A phantom (D:4)
  An iguana (D:4)
  5 adders
  2 worms (D:3)
  A dart slug (D:1)
  5 orcs
  6 endoplasms
  4 giant cockroaches
  5 goblins
  8 hobgoblins
  A jackal (D:2)
  A quokka (D:1)
  7 ball pythons
  4 bats
  3 frilled lizards
  10 kobolds
  6 rats
70 creatures vanquished.

Table legend:
 A = Non-vault XP
 B = Vault XP
 C = Vault XP percentage of total XP
 D = Non-vault monster count
 E = Vault monster count
 F = Vault count percentage of total count
                 A         B        C        D         E       F
            +---------+---------+-------+---------+---------+-------
      Total |     305 |      17 |   5.3 |      63 |       7 |  10.0
            +---------+---------+-------+---------+---------+-------
        D:1 |      30 |       0 |   0.0 |      19 |       0 |   0.0
        D:2 |      18 |       7 |  28.0 |      13 |       5 |  27.8
        D:3 |      66 |      10 |  13.2 |      15 |       2 |  11.8
        D:4 |     191 |       0 |   0.0 |      16 |       0 |   0.0
            +---------+---------+-------+---------+---------+-------

Illustrated notes

Table legend:
 A = Kills in this place as a percentage of kills in entire the game.
 B = Kills by you in this place as a percentage of kills by you in the entire game.
 C = Kills by friends in this place as a percentage of kills by friends in the entire game.
 D = Other kills in this place as a percentage of other kills in the entire game.
 E = Experience gained in this place as a percentage of experience gained in the entire game.
 F = Experience gained in this place divided by the number of levels of this place that you have seen.
                   A       B       C       D       E      F
               +-------+-------+-------+-------+-------+----------------------
         Total | 100.0 | 100.0 |   N/A |   N/A | 100.0 |  80.5
       Dungeon | 100.0 | 100.0 |   N/A |   N/A | 100.0 |  80.5
               +-------+-------+-------+-------+-------+----------------------

Table legend: (Time is in decaauts)
 A = Elapsed time spent in this place.
 B = Non-inter-level travel time spent in this place.
 C = Inter-level travel time spent in this place.
 D = Time resting spent in this place.
 E = Time spent auto-exploring this place.
 F = Levels seen in this place.
 G = Mean time per level.
                   A        B        C        D        E       F      G
               +--------+--------+--------+--------+--------+-----+--------+
         Total |   3745 |   3635 |    110 |    102 |   2904 |   4 |  936.2 |
       Dungeon |   3745 |   3635 |    110 |    102 |   2904 |   4 |  936.2 |
               +--------+--------+--------+--------+--------+-----+--------+

Top non-repeatable levels by time:
     D:2: 1092 daAuts
     D:4: 990 daAuts
     D:3: 887 daAuts
     D:1: 774 daAuts
